 Dungeon Sprint DCSS version 0.29-a0-1027-gcd8c55af63 (webtiles) character file.

Game seed: 9250798890631679355

6486 mhtbhm the Imperceptible (level 10, -8/55 HPs)
             Began as a Spriggan Brigand on Aug 13, 2022.
             Was a High Priest of Dithmenos.
             Mangled by a four-headed hydra (15 damage)
             ... in the Dungeon (Sprint IX: "|||||||||||||||||||||||||||||").
             The game lasted 00:05:33 (2073 turns).

mhtbhm the Imperceptible (Spriggan Brigand)         Turns: 2073, Time: 00:05:35

Health: -8/55      AC:  3    Str: 10    XL:     10   Next: 68%
Magic:  14/14      EV: 23    Int: 15    God:    Dithmenos [*****.]
Gold:   0          SH:  0    Dex: 22    Spells: 9/9 levels left

rFire   . . .      SeeInvis +   a - +2 dagger
rCold   . . .      Faith    .   (no shield)
rNeg    . . .      Spirit   .   b - +0 robe
rPois   .          Reflect  .   (helmet restricted)
rElec   .          Harm     .   c - +0 cloak
rCorr   .          Rampage  .   (gloves unavailable)
Will    +....      NoTele   +   (boots unavailable) Stlth ******++++
                                (no amulet)
HPRegen 0.18/turn               n - +3 ring of strength
MPRegen 0.14/turn               o - +3 ring of intelligence

@: mighty, wreathed by umbra, very quick
A: very small, no large weapons, unfitting armour, see invisible, speed 3
a: Renounce Religion, Shadow Step, Shadow Form


You were in the Dungeon.
You worshipped Dithmenos.
Dithmenos was extremely pleased with you.
You visited 1 branch

Inventory:

Hand Weapons
 a - a +2 dagger (weapon)
Armour
 b - a +0 robe (worn)
 c - a +0 cloak (worn)
Jewellery
 n - a +3 ring of strength (left hand)
 o - a +3 ring of intelligence (right hand)
Scrolls
 k - 2 scrolls of blinking
 l - 2 scrolls of amnesia
 q - a scroll of silence
 r - 4 scrolls of enchant armour
 s - a scroll of butterflies
 t - 4 scrolls of fear
Potions
 f - 6 potions of curing
 g - 3 potions of heal wounds
 h - 2 potions of haste
 i - 4 potions of magic
 j - a potion of mutation
 m - a potion of might


   Skills:
 + Level 7.4 Fighting
 + Level 10.9 Short Blades
 + Level 10.4 Throwing
 + Level 7.1 Dodging
 + Level 26.7 Stealth
 * Level 4.4 Invocations
 + Level 6.9 Evocations


You had 9 spell levels left.
You didn't know any spells.
Your spell library was empty.

Dungeon Overview and Level Annotations

Branches:
Dungeon (1/1)

Altars:
Cheibriados
Dithmenos
Elyvilon
Fedhas
Gozag
Hepliaklqana
Kikubaaqudgha
Makhleb
Nemelex Xobeh
Okawaru
Qazlal
Ru
Sif Muna
Trog
Uskayaw
Vehumet
Wu Jian
Xom
Yredelemnul
Zin
The Shining One
Jiyva
Lugonu


Innate Abilities, Weirdness & Mutations

You are very small and have problems with some larger weapons.
You are too small for most types of armour.
You have supernaturally acute eyesight. (SInv)
You cover ground extremely quickly. (Speed+++)


Message History

Press: ? - help, v - describe, . - travel
Here: a four-headed hydra (umbra)
The floor.
You see here a komodo dragon corpse.
You puncture the four-headed hydra!
The four-headed hydra is lightly wounded.
Your shadow hits the four-headed hydra with a dagger.
The four-headed hydra bites you.
The four-headed hydra bites you but does no damage.
The four-headed hydra completely misses you.
The four-headed hydra bites you.
You puncture the four-headed hydra!
The four-headed hydra is moderately wounded.
Unknown command.
You hit the four-headed hydra.
The four-headed hydra is moderately wounded.
The four-headed hydra completely misses you.
The four-headed hydra bites you!
The four-headed hydra closely misses you.
The four-headed hydra bites you!
Unknown command.
You puncture the four-headed hydra!
The four-headed hydra is moderately wounded.
Your shadow hits the four-headed hydra with a dagger.
You hit the four-headed hydra.
The four-headed hydra is heavily wounded.
The four-headed hydra bites you!
The four-headed hydra barely misses you.
The four-headed hydra closely misses you.
The four-headed hydra bites you but does no damage.
Unknown command.
You puncture the four-headed hydra!
The four-headed hydra is severely wounded.
You puncture the four-headed hydra!
The four-headed hydra is severely wounded.
The four-headed hydra completely misses you.
The four-headed hydra bites you!
* * * LOW HITPOINT WARNING * * *
The four-headed hydra bites you!
You die...

▓▓▓▓▓▓▓▓▓▓▓▓▓▓ DF.l.Dl('.Y(Y÷
▓▓▓▓▓▓▓▓▓▓▓▓▓▓▓▓▓▓▓▓▓▓▓▓▓▓▓▓▓▓▓▓▓
................@D........D......
▓▓▓▓▓▓▓▓▓▓▓▓▓▓▓▓▓▓▓▓▓▓▓▓▓▓▓▓▓▓▓▓▓
'..(.))'.)[[[))..'_______________
▓▓▓▓▓▓▓▓▓▓▓▓▓▓▓▓▓▓▓▓▓▓▓▓▓▓▓▓▓▓▓▓▓


You could see a four-headed hydra.

Vanquished Creatures
  A catoblepas (D)
  2 centaur warriors (D)
  2 two-headed ogres (D)
  An oklob plant (D)
  A cyclops (D)
  A manticore (D)
  2 black mambas (D)
  A komodo dragon (D)
  A dream sheep (D)
  4 yaks (D)
  2 water moccasins (D)
  An orc warrior (D)
  2 centaurs (D)
  A phantom (D)
  2 bullfrogs (D)
  A kobold brigand (D)
  A hound (D)
  2 adders (D)
  A dart slug (D)
  A hobgoblin (D)
  A jackal (D)
  A ball python (D)
  A kobold (D)
  A rat (D)
34 creatures vanquished.

Vanquished Creatures (others)
  A vampire mosquito (D)
1 creature vanquished.

Grand Total: 35 creatures vanquished

Notes
Turn   | Place    | Note
-------+----------+-------------------------------------------
     0 | D        | mhtbhm the Spriggan Brigand began the quest for the Orb.
     0 | D        | Reached XP level 1. HP: 10/10 MP: 2/2
     6 | D        | Reached skill level 6 in Stealth
    10 | D        | Reached skill level 7 in Stealth
    15 | D        | Noticed a hound
    15 | D        | Noticed a phantom
    27 | D        | Killed a phantom
    28 | D        | Reached skill level 12 in Stealth
    28 | D        | Reached XP level 2. HP: 15/16 MP: 3/3
    28 | D        | Reached XP level 3. HP: 18/19 MP: 4/4
    28 | D        | Reached XP level 4. HP: 22/23 MP: 5/5
    34 | D        | Reached skill level 13 in Stealth
    55 | D        | Found a snail-covered altar of Cheibriados.
    55 | D        | Found a shadowy altar of Dithmenos.
    55 | D        | Found a white marble altar of Elyvilon.
    55 | D        | Found a blossoming altar of Fedhas.
    55 | D        | Found an opulent altar of Gozag.
    56 | D        | Found a hazy altar of Hepliaklqana.
    57 | D        | Found a viscous altar of Jiyva.
    58 | D        | Found an ancient bone altar of Kikubaaqudgha.
    59 | D        | Found a corrupted altar of Lugonu.
    60 | D        | Found a burning altar of Makhleb.
    61 | D        | Found a sparkling altar of Nemelex Xobeh.
    62 | D        | Found an iron altar of Okawaru.
    63 | D        | Found a stormy altar of Qazlal.
    68 | D        | Became a worshipper of Dithmenos the Shadowed
    73 | D        | Found a sacrificial altar of Ru.
    74 | D        | Found a shimmering blue altar of Sif Muna.
    75 | D        | Found a bloodstained altar of Trog.
    76 | D        | Found a hide-covered altar of Uskayaw.
    77 | D        | Found a radiant altar of Vehumet.
    78 | D        | Found an ornate altar of the Wu Jian Council.
    79 | D        | Found a shimmering altar of Xom.
    80 | D        | Found a basalt altar of Yredelemnul.
    81 | D        | Found a glowing silver altar of Zin.
    82 | D        | Found a glowing golden altar of the Shining One.
   306 | D        | Noticed a two-headed ogre
   306 | D        | Noticed a yak
   306 | D        | Noticed a kobold brigand
   306 | D        | Noticed an orc warrior
   306 | D        | Noticed a centaur
   306 | D        | Noticed a two-headed ogre
   308 | D        | Killed a two-headed ogre
   309 | D        | Reached skill level 20 in Stealth
   309 | D        | Reached XP level 5. HP: 30/30 MP: 6/6
   309 | D        | Reached XP level 6. HP: 34/34 MP: 7/7
   309 | D        | Reached XP level 7. HP: 38/38 MP: 8/8
   322 | D        | Reached * piety under Dithmenos
   323 | D        | Reached skill level 21 in Stealth
   355 | D        | Killed a yak
   356 | D        | Reached skill level 5 in Fighting
   356 | D        | Reached skill level 5 in Throwing
   356 | D        | Reached XP level 8. HP: 22/43 MP: 9/9
   377 | D        | Killed a two-headed ogre
   377 | D        | Reached ** piety under Dithmenos
   378 | D        | Reached skill level 23 in Stealth
   523 | D        | Noticed a centaur warrior
   523 | D        | Noticed a centaur warrior
   523 | D        | Noticed a manticore
   523 | D        | Noticed a cyclops
   545 | D        | Killed a cyclops
   546 | D        | Reached XP level 9. HP: 15/48 MP: 10/10
   752 | D        | Killed a manticore
   753 | D        | Reached skill level 5 in Dodging
   753 | D        | Reached skill level 24 in Stealth
   767 | D        | Killed a centaur warrior
   771 | D        | Killed a centaur warrior
   771 | D        | Reached *** piety under Dithmenos
   772 | D        | Reached skill level 25 in Stealth
   772 | D        | Reached skill level 5 in Evocations
   921 | D        | Noticed a black mamba
   921 | D        | Noticed a black mamba
   922 | D        | Noticed an oklob plant
   923 | D        | Killed a black mamba
   924 | D        | Reached skill level 10 in Short Blades
   924 | D        | Reached XP level 10. HP: 53/53 MP: 11/11
   962 | D        | Reached **** piety under Dithmenos
  1044 | D        | Killed a black mamba
  1045 | D        | Reached skill level 26 in Stealth
  1334 | D        | Killed an oklob plant
  1465 | D        | Noticed a four-headed hydra
  1465 | D        | Noticed a catoblepas
  1466 | D        | Noticed a cane toad
  1468 | D        | Noticed a five-headed hydra
  1524 | D        | Killed a catoblepas
  1524 | D        | Reached ***** piety under Dithmenos
  1525 | D        | Reached skill level 10 in Throwing
  2073 | D        | Mangled by a four-headed hydra

Illustrated notes

Levels and vault maps discovered:
D:        linesprint [early_d, line_temple, items_1, d_10, items_2, lair_1,
          lair_end, items_3, orc_1, orc_end, items_4, d_15, swamp_1, shoals_1,
          snake_1, spider_1, d_20, vaults_1, items_5, swamp_end, shoals_end,
          snake_end, spider_end, vaults_end, d_27, items_6, zot_1, zot_end,
          crypt_end, forest_end, elf_end, slime_end, tomb_end, abyss_end,
          pan_hell_end]

Skill      XL: |  1  2  3  4  5  6  7  8  9 10 |
---------------+-------------------------------+-----
Stealth        | 12 20 21 23 25 26 | 26.7
Fighting       | 2 4 5 6 7 |  7.4
Short Blades   | 3 7 8 10 | 10.9
Throwing       | 3 4 5 6 9 10 | 10.4
Dodging        | 3 4 6 7 |  7.1
Evocations     | 2 5 6 |  6.9
Invocations    | 4 |  4.4

Action                   |  1- 3 |  4- 6 |  7- 9 | 10-12 || total
-------------------------+-------+-------+-------+-------++-------
Melee: Dagger            |    16 |    16 |    33 |   115 ||   180
       Punch             |       |       |       |     4 ||     4
Throw: Dart              |       |       |    24 |    17 ||    41
Invok: Shadow Step       |       |       |       |     2 ||     2
Evoke: Wand              |       |       |    10 |       ||    10
  Use: Potion            |     1 |       |     3 |     2 ||     6
 Stab: Sleeping          |     5 |     1 |     1 |     4 ||    11
       Invisible         |       |       |     3 |       ||     3
Armor: Robe              |       |       |     4 |     2 ||     6
Dodge: Dodged            |     3 |     4 |    34 |    36 ||    77

Table legend: (Time is in decaauts)
 A = Elapsed time spent in this place.
 B = Non-inter-level travel time spent in this place.
 C = Inter-level travel time spent in this place.
 D = Time resting spent in this place.
 E = Time spent auto-exploring this place.
 F = Levels seen in this place.
 G = Mean time per level.
                   A        B        C        D        E       F      G
               +--------+--------+--------+--------+--------+-----+--------+
         Total |   1798 |   1798 |      0 |   1270 |     17 |   1 | 1798.0 |
       Dungeon |   1798 |   1798 |      0 |   1270 |     17 |   1 | 1798.0 |
               +--------+--------+--------+--------+--------+-----+--------+

Top non-repeatable levels by time:
       D: 1798 daAuts
